 Dungeon Crawl Stone Soup version 0.29-a0-451-gfbfa42419e (webtiles) character file.

Game seed: 13398122356540602764

398 acebull12 the Covert (level 7, -10/41 HPs)
             Began as a Kobold Brigand on May 20, 2022.
             Was an Initiate of Dithmenos.
             Killed from afar by a steam dragon (15 damage)
             ... with a ball of steam
             ... on level 5 of the Dungeon.
             The game lasted 00:06:25 (4493 turns).

acebull12 the Covert (Kobold Brigand)               Turns: 4493, Time: 00:06:26

Health: -10/41     AC:  3    Str: 11    XL:     7   Next: 10%
Magic:  7/7        EV: 14    Int: 12    God:    Dithmenos [......]
Gold:   241        SH:  0    Dex: 16    Spells: 6/6 levels left

rFire   . . .      SeeInvis .   j - +3 dagger (venom)
rCold   . . .      Faith    .   (no shield)
rNeg    . . .      Spirit   .   b - +0 robe
rPois   .          Reflect  .   (no helmet)
rElec   .          Harm     .   c - +0 cloak
rCorr   .          Rampage  .   (no gloves)
Will    .....                   (no boots)
Stlth   +++++.....              (no amulet)
HPRegen 0.13/turn               (no ring)
MPRegen 0.10/turn               (no ring)

@: no status effects
A: small, no large weapons, nightstalker 3
a: Renounce Religion


You were on level 5 of the Dungeon.
You worshipped Dithmenos.
Dithmenos was noncommittal.
You visited 2 branches of the dungeon, and saw 6 of its levels.

You collected 241 gold pieces.

Inventory:

Hand Weapons
 a - a +2 dagger
 j - a +3 dagger of venom (weapon)
Missiles
 d - 9 poisoned darts (quivered)
 e - 3 curare-tipped darts
Armour
 b - a +0 robe (worn)
 c - a +0 cloak (worn)
Jewellery
 n - a +4 ring of protection
 u - an amulet of faith
 v - a ring of protection from cold
Wands
 x - a wand of polymorph (13)
Scrolls
 f - a scroll of magic mapping {unknown}
 i - 6 scrolls of identify {unknown}
 l - a scroll of silence {unknown}
 m - a scroll of enchant armour {unknown}
 q - 2 scrolls of teleportation {unknown}
 r - a scroll of poison {unknown}
 w - a scroll of immolation {unknown}
Potions
 g - 2 potions of ambrosia {unknown}
 h - 4 potions of curing {unknown}
 k - 2 potions of attraction {unknown}
 o - 2 potions of flight {unknown}
 p - a potion of brilliance {unknown}
 s - a potion of invisibility {unknown}
 t - 2 potions of lignification {unknown}
 z - a potion of might {unknown}


   Skills:
 * Level 3.2 Fighting
 * Level 4.6 Short Blades
 + Level 2.1 Throwing
 + Level 2.0 Dodging
 * Level 9.6 Stealth


You had 6 spell levels left.
You didn't know any spells.
Your spell library contained the following spells:

 Spells                   Type           Power      Damage    Failure   Level
 Beastly Appendage        Tmut           0%         N/A       32%         1
 Sting                    Tmut/Pois      0%         1d3       32%         1
 Poisonous Vapours        Pois/Air       0%         N/A       45%         2
 Wereblood                Tmut           0%         N/A       45%         2
 Ozocubu's Armour         Ice            0%         N/A       69%         3
 Spider Form              Tmut/Pois      0%         N/A       69%         3
 Olgreb's Toxic Radiance  Pois           0%         N/A       97%         4
 Metabolic Englaciation   Hex/Ice        0%         N/A       100%        5
 Simulacrum               Ice/Necr       0%         N/A       100%        6


Dungeon Overview and Level Annotations

Branches:
Dungeon (5/15)             Temple (1/1) D:4

Altars:
Ashenzari
Cheibriados
Dithmenos
Gozag
Kikubaaqudgha
Makhleb
Okawaru
Qazlal
Sif Muna
Trog
Uskayaw
Vehumet
Wu Jian
Xom
The Shining One


Innate Abilities, Weirdness & Mutations

You are small and have problems with some larger weapons.
You are completely attuned to the shadows.


Message History

You climb downwards.
Found 11 gold pieces.
Found a stone staircase leading up.
There is a stone staircase leading up here.
You climb upwards.
There is a stone staircase leading down here.
There is a stone staircase leading down here.
You climb downwards.
Found 15 stones.
There is a stone staircase leading up here.
You climb upwards.
There is a stone staircase leading down here.
There is an open door here.
There is a stone staircase leading down here.
You climb downwards.
There is a stone staircase leading up here.
You now have 241 gold pieces (gained 11).
You pick up a book of Changes and begin reading...
You add the spells Beastly Appendage, Wereblood and Spider Form to your library.
A quokka comes into view.
You see here a sapphire potion.
The helpless quokka fails to defend itself.
You perforate the quokka like a sieve!!!
You kill the quokka!
Dithmenos accepts your kill.
z - a sapphire potion
h - 4 grey potions (gained 1)
A steam dragon comes into view.
The steam dragon hisses angrily.
The steam dragon breathes steam at you. The ball of steam hits you!!
You hear an angry hiss.
You are engulfed in a cloud of scalding steam.
Really walk into that cloud of steam? [Y]es or [N]o only, please.
Really walk into that cloud of steam?
You are engulfed in a cloud of scalding steam.
* * * LOW HITPOINT WARNING * * *
The steam dragon breathes steam at you. The ball of steam hits you!
You die...

######## .......#
.......#
.......#########
.......#...........
.............# #..#
.......#.....###.#
..##.#.#.....#...#
.......@.......##
#.#.#.§####.##..##
#...#§## #..###.<##
#...#D# #.## ##..#
#.....# #. ##.#
#.#...## #. #<#
#....# #.#
###.§§§.. #..
#./§##.# ###.


There were no monsters in sight!

Vanquished Creatures
  An ogre (D:4)
  A scorpion (D:4)
  2 hounds (D:4)
  An iguana (D:4)
  7 gnolls
  2 adders
  3 worms
  A dart slug (D:2)
  An orc (D:2)
  3 bats (D:1)
  10 endoplasms
  3 giant cockroaches
  3 hobgoblins
  5 jackals
  6 quokkas
  8 ball pythons
  3 frilled lizards
  3 goblins
  5 kobolds
  5 rats
73 creatures vanquished.

Notes
Turn   | Place    | Note
-------+----------+-------------------------------------------
     0 | D:1      | acebull12 the Kobold Brigand began the quest for the Orb.
     0 | D:1      | Reached XP level 1. HP: 12/12 MP: 1/1
   135 | D:1      | Reached XP level 2. HP: 17/17 MP: 2/2
   246 | D:1      | Reached skill level 6 in Stealth
   486 | D:1      | Reached XP level 3. HP: 22/22 MP: 3/3
   643 | D:2      | Found a faded altar of an unknown god.
  1558 | D:3      | Reached skill level 7 in Stealth
  1558 | D:3      | Reached XP level 4. HP: 25/27 MP: 4/4
  2205 | D:3      | Reached XP level 5. HP: 21/31 MP: 5/5
  2722 | D:4      | Reached skill level 8 in Stealth
  2946 | D:4      | Reached XP level 6. HP: 24/36 MP: 6/6
  3152 | D:4      | Noticed an ogre
  3155 | D:4      | Killed an ogre
  3156 | D:4      | Reached skill level 9 in Stealth
  3479 | D:4      | Reached XP level 7. HP: 41/41 MP: 7/7
  3705 | D:4      | Found a staircase to the Ecumenical Temple.
  3711 | Temple   | Entered the Ecumenical Temple
  4241 | Temple   | Became a worshipper of Dithmenos the Shadowed
  4376 | D:5      | Entered Level 5 of the Dungeon
  4485 | D:5      | Noticed a steam dragon
  4493 | D:5      | Killed from afar by a steam dragon

Illustrated notes

Levels and vault maps discovered:
D:1:      minmay_arrival_open_corners, layout_rooms
D:2:      layout_loops_ring, ebering_ecumenical_altar_rust, chequers_jeans
D:3:      layout_rooms
D:4:      layout_basic, minmay_temple_entry_glass
D:5:      layout_rooms
Temple:   mainiacjoe_temple_starburst

Skill      XL: |  1  2  3  4  5  6 |
---------------+-------------------+-----
Stealth        | 6 7 8 9 |  9.6
Short Blades   | 3 4 |  4.6
Fighting       | 3 |  3.2
Dodging        | 2 |  2.0
Throwing       | |  2.1

Action                   |  1- 3 |  4- 6 |  7- 9 || total
-------------------------+-------+-------+-------++-------
Melee: Dagger            |    56 |    92 |     3 ||   151
 Stab: Sleeping          |    24 |    13 |     1 ||    38
       Distracted        |       |     2 |       ||     2
Armor: Robe              |     7 |    10 |     1 ||    18
Dodge: Dodged            |    22 |    38 |     1 ||    61

Table legend: (Time is in decaauts)
 A = Elapsed time spent in this place.
 B = Non-inter-level travel time spent in this place.
 C = Inter-level travel time spent in this place.
 D = Time resting spent in this place.
 E = Time spent auto-exploring this place.
 F = Levels seen in this place.
 G = Mean time per level.
                   A        B        C        D        E       F      G
               +--------+--------+--------+--------+--------+-----+--------+
         Total |   4470 |   4137 |    333 |    448 |   3182 |   6 |  745.0 |
       Dungeon |   3881 |   3603 |    278 |    448 |   2658 |   5 |  776.2 |
        Temple |    589 |    534 |     55 |      0 |    524 |   1 |  589.0 |
               +--------+--------+--------+--------+--------+-----+--------+

Top non-repeatable levels by time:
     D:4: 1191 daAuts
     D:3: 1105 daAuts
     D:2: 901 daAuts
     D:1: 632 daAuts
  Temple: 589 daAuts
     D:5: 50 daAuts
